 Dungeon Crawl Stone Soup version 0.31-a0-187-gba352fbbf7 (webtiles) character file.

Game seed: 7849420367821762111

441 qw the Skirmisher (level 6, 0/35 HPs)
             Began as a Deep Elf Hunter on June 22, 2023.
             Slain by a scorpion (5 damage)
             ... on level 4 of the Dungeon.
             The game lasted 00:01:09 (2693 turns).

qw the Skirmisher (Deep Elf Hunter)                 Turns: 2693, Time: 00:01:10

Health: 0/35       AC: 11    Str: 10    XL:     6   Next: 71%
Magic:  8/8        EV: 11    Int: 14    God:
Gold:   126        SH:  0    Dex: 18    Spells: 5/5 levels left

rFire   . . .        Y - +0 shortbow
rCold   + . .        (shield currently unavailable)
rNeg    . . .        g - +2 ring mail {rC+}
rPois   .            (no helmet)
rElec   .            (no cloak)
rCorr   .            (no gloves)
SInv    .            (no boots)
Will    .....        (no amulet)
Stlth   +            e - +4 ring of protection
HPRegen 0.25/turn    (no ring)
MPRegen 0.11/turn

%: no passive effects
@: no status effects
A: no striking features
a: no special abilities


You were on level 4 of the Dungeon.
You visited 1 branch of the dungeon, and saw 4 of its levels.

You collected 126 gold pieces.


   Skills:
 - Level 2.2 Fighting
 - Level 10.3 Ranged Weapons
 + Level 2.4 Dodging
 - Level 1.2 Stealth


You had 5 spell levels left.
You didn't know any spells.
Your spell library was empty.

Inventory:

Hand Weapons
 Y - a +0 shortbow (weapon)
Armour
 g - a +2 ring mail of cold resistance (worn)
Jewellery
 d - a ring of positive energy
 e - a +4 ring of protection (left hand)
Wands
 l - a wand of digging (5)
Scrolls
 a - a scroll of identify
Potions
 b - a potion of curing
 f - a potion of brilliance {unknown}
 h - a potion of lignification {unknown}
 j - a potion of haste
 k - a potion of enlightenment
 m - 2 potions of cancellation {unknown}

Dungeon Overview and Level Annotations

Branches:
Dungeon (4/15)
 Temple: D:4-7

Altars:
Gozag

Shops:
D:1 :

Annotations:
D:4 Duvessa, Eustachio


Message History

You feel strangely unstable. Eustachio hits you but does no damage.
The ufetubus closely misses you. The ufetubus barely misses you.
2687 ||| DRINKING potion of heal wounds.
You feel much better.
Eustachio brags, "I can call spirits from the vasty deep."
Eustachio mumbles some strange words.
Eustachio blinks!
The ufetubus hits you but does no damage.
The ufetubus barely misses you.
The iron imp hits you but does no damage.
Eustachio closely misses you. The ufetubus completely misses you.
The ufetubus hits you.
You shoot an arrow. The arrow hits Eustachio.
Eustachio is almost dead.
Eustachio hits you with a +0 rapier.
The ufetubus hits you but does no damage. x2
The iron imp hits you! Eustachio hits you with a +0 rapier.
You shoot an arrow. The arrow barely misses Eustachio.
The ufetubus hits you. x2; Eustachio hits you with a +0 rapier!
The ufetubus hits you but does no damage.
The ufetubus barely misses you. The iron imp hits you!
You shoot an arrow. The arrow barely misses Eustachio.
Your surroundings suddenly seem different.
A scorpion comes into view.
Found 6 stones.
The scorpion barely misses you.
Enter note:
Enter note:
Enter note: You shoot an arrow.
The arrow hits the scorpion but does no damage.
The scorpion misses you.
You shoot an arrow.
The arrow completely misses the scorpion.
The scorpion stings you but does no damage.
You shoot an arrow. The arrow hits the scorpion!
The scorpion is heavily wounded.
The scorpion stings you but does no damage.
The scorpion stings you.
You die...

#......#############
#..#..###.
#............. .#
##>#...##.
#......####### .##
#.#.#..#. #...####
######.. #.#.##.#.
#...########
#......# #(#.###..
...........#
#......# #.#.# ##.
##########.#
#..(...# #.#.####.
....... #...s..#
#.#...... .......
#..@...# #.#######
...?... #......#
#........ #.#####
#......# #########
.# #......# .#
#......# .# .......#
.#......# #.#......#


You could see a scorpion.

Vanquished Creatures
  Grinder (D:4)
  Dowan (D:4)
  A jelly (D:4)
  An orc priest (D:4)
  An iguana (D:3)
  An orc wizard (D:4)
  2 adders
  4 worms
  A dart slug (D:3)
  7 orcs
  5 ball pythons
  A bat (D:1)
  3 endoplasms
  4 giant cockroaches
  4 goblins
  5 hobgoblins
  4 kobolds
  3 quokkas
  3 frilled lizards
  A rat (D:1)
53 creatures vanquished.

Notes
Turn   | Place    | Note
-------+----------+-------------------------------------------
     0 | D:1      | qw the Deep Elf Hunter began the quest for the Orb.
     0 | D:1      | Reached XP level 1. HP: 12/12 MP: 3/3
     0 | D:1      | 0 ||| qw: Version: 0.3-a-9-g12657ce
     0 | D:1      | 0 ||| qw: Game counter: 2245
     0 | D:1      | 0 ||| qw: Always use a shield: true
     0 | D:1      | 0 ||| qw: God list: Okawaru
     0 | D:1      | 0 ||| qw: Allow faded altars: false
     0 | D:1      | 0 ||| qw: Do Orc after D:15 true
     0 | D:1      | 0 ||| qw: Do second Lair branch before Depths: true
     0 | D:1      | 0 ||| qw: Lair rune preference: random
     0 | D:1      | 0 ||| qw: Plans: Normal
     0 | D:1      | 0 ||| PLANNING D:1-11
   144 | D:1      | Reached skill level 6 in Ranged Weapons
   144 | D:1      | Reached XP level 2. HP: 16/16 MP: 4/4
   182 | D:1      | Found Fiorept's Book Shoppe.
   312 | D:1      | 312 ||| UPGRADING to +1 ring mail of cold resistance.
   322 | D:1      | 322 ||| DROPPING +0 leather armour.
   323 | D:1      | 323 ||| UPGRADING to +4 ring of protection.
   324 | D:1      | 324 ||| READING scroll labelled OXEC QAMMU.
   325 | D:1      | 325 ||| READING scroll labelled BYETRUSETHA.
   326 | D:1      | 326 ||| READING scroll labelled XIWKEM YXEIG.
   329 | D:1      | 329 ||| READING scroll labelled FYRUMAY BYUNG.
   361 | D:1      | 361 ||| DROPPING scroll of butterflies.
  1040 | D:2      | 1040 ||| DROPPING +1 robe of cold resistance.
  1041 | D:2      | 1041 ||| READING scroll labelled QEGO ZEGRAM.
  1042 | D:2      | 1042 ||| READING scroll labelled ZIOSCH OCWEWK.
  1043 | D:2      | 1043 ||| READING scroll labelled ZOIHOI IXILL.
  1044 | D:2      | 1044 ||| READING scroll labelled ELUAKU OH MOCAYL.
  1045 | D:2      | 1045 ||| READING scroll labelled CUATZU NURESAS.
  1046 | D:2      | 1046 ||| DRINKING 4 fuming clear potions.
  1047 | D:2      | 1047 ||| DRINKING 2 fuming orange potions.
  1048 | D:2      | 1048 ||| DRINKING 3 potions of curing.
  1048 | D:2      | 1048 ||| (to cure confusion)
  1049 | D:2      | 1049 ||| DROPPING potion of ambrosia.
  1051 | D:2      | 1051 ||| Stepping ~*~*~tactically~*~*~ (cloud).
  1051 | D:2      | HP: 1/16 [poisoned by you (poison gas)]
  1052 | D:2      | 1052 ||| DRINKING 2 potions of curing.
  1052 | D:2      | 1052 ||| (to cure poison)
  1165 | D:3      | 1165 ||| READING scroll of enchant armour.
  1165 | D:3      | 1165 ||| ENCHANTING +1 ring mail of cold resistance.
  1180 | D:3      | Reached XP level 3. HP: 20/20 MP: 5/5
  1417 | D:3      | Reached skill level 7 in Ranged Weapons
  1499 | D:3      | Reached XP level 4. HP: 25/25 MP: 6/6
  1765 | D:3      | Found a faded altar of an unknown god.
  1889 | D:3      | 1889 ||| DRINKING 4 bubbling orange potions.
  1890 | D:3      | 1890 ||| DRINKING 2 coppery potions.
  1891 | D:3      | 1891 ||| DRINKING 2 silvery potions.
  1892 | D:3      | 1892 ||| DROPPING potion of degeneration.
  2014 | D:4      | 2014 ||| Stepping ~*~*~tactically~*~*~ (outnumbered).
  2021 | D:4      | Reached skill level 8 in Ranged Weapons
  2025 | D:4      | Reached XP level 5. HP: 24/29 MP: 7/7
  2025 | D:4      | 2025 ||| FLEEEEING.
  2026 | D:4      | 2026 ||| FLEEEEING.
  2027 | D:4      | 2027 ||| FLEEEEING.
  2028 | D:4      | 2028 ||| FLEEEEING.
  2029 | D:4      | 2029 ||| FLEEEEING.
  2030 | D:4      | 2030 ||| FLEEEEING.
  2031 | D:4      | 2031 ||| FLEEEEING.
  2032 | D:4      | 2032 ||| FLEEEEING.
  2033 | D:4      | 2033 ||| FLEEEEING.
  2034 | D:4      | 2034 ||| FLEEEEING.
  2037 | D:4      | 2037 ||| FLEEEEING.
  2040 | D:4      | 2040 ||| FLEEEEING.
  2043 | D:4      | 2043 ||| FLEEEEING.
  2136 | D:4      | Found an opulent altar of Gozag.
  2204 | D:4      | Noticed Grinder
  2228 | D:4      | Paralysed by Grinder for 4 turns
  2235 | D:4      | Killed Grinder
  2236 | D:4      | Reached skill level 10 in Ranged Weapons
  2236 | D:4      | Reached XP level 6. HP: 10/34 MP: 8/8
  2475 | D:4      | Noticed Duvessa
  2477 | D:4      | Noticed Dowan
  2487 | D:4      | HP: 7/34 [poisoned by Duvessa]
  2488 | D:4      | 2488 ||| READING 2 scrolls of teleportation.
  2489 | D:4      | 2489 ||| DRINKING 3 potions of heal wounds.
  2491 | D:4      | HP: 3/34 [Dowan/+2 dagger of venom (3)]
  2492 | D:4      | 2492 ||| DRINKING 2 potions of heal wounds.
  2493 | D:4      | 2493 ||| DRINKING 2 potions of curing.
  2493 | D:4      | 2493 ||| (to cure poison)
  2532 | D:4      | Killed Dowan
  2657 | D:4      | Noticed Eustachio
  2685 | D:4      | HP: 8/35 [iron imp[Eustachio] (8)]
  2686 | D:4      | 2686 ||| READING scroll of teleportation.
  2687 | D:4      | 2687 ||| DRINKING potion of heal wounds.
  2693 | D:4      | Slain by a scorpion

Levels and vault maps discovered:
D:1:      spicycebolla_arrival_xxxplode, layout_rooms, serial_shops,
          nicolae_shop_just_a_little_nook
D:2:      layout_loops_ring, nicolae_the_louvre
D:3:      layout_basic, chequers_ecumenical_altar_twisty
D:4:      layout_basic, mainiacjoe_overflow_paths, uniq_eustachio, uniq_duvessa,
          uniq_grinder

Skill      XL: |  1  2  3  4  5  6 |
---------------+-------------------+-----
Ranged Weapons | 6 7 8 10 | 10.3
Fighting       | 2 |  2.2
Dodging        | |  2.4
Stealth        | |  1.2

Action                     |  1- 3 |  4- 6 || total
---------------------------+-------+-------++-------
   Fire: Shortbow          |    72 |   159 ||   231
    Use: Scroll            |    10 |     2 ||    12
         Potion            |     4 |     7 ||    11
 Armour: Leather armour    |     1 |       ||     1
         Ring mail         |    17 |    54 ||    71
  Dodge: Dodged            |    15 |    65 ||    80

Table legend:
 A = Non-vault XP
 B = Vault XP
 C = Vault XP percentage of total XP
 D = Non-vault monster count
 E = Vault monster count
 F = Vault count percentage of total count
                 A         B        C        D         E       F
            +---------+---------+-------+---------+---------+-------
      Total |     281 |     350 |  55.5 |      51 |       2 |   3.8
            +---------+---------+-------+---------+---------+-------
        D:1 |      17 |       0 |   0.0 |      10 |       0 |   0.0
        D:2 |      22 |       0 |   0.0 |       6 |       0 |   0.0
        D:3 |      94 |       0 |   0.0 |      20 |       0 |   0.0
        D:4 |     148 |     350 |  70.3 |      15 |       2 |  11.8
            +---------+---------+-------+---------+---------+-------
